 Dungeon Crawl Stone Soup version 0.30-a0-949-g53dc5368d7 (webtiles) character file.

Game seed: 13878229495395168156

244766 Iich the Executioner (level 18, -7/156 HPs)
             Began as a Demonspawn Fighter on Mar 27, 2023.
             Was an Initiate of Gozag.
             Mangled by Zenata
             ... wielding a +4 eveningstar
              (22 damage)
             ... on level 1 of the Vaults.
             The game lasted 01:20:42 (35993 turns).

Iich the Executioner (Demonspawn Fighter)          Turns: 35993, Time: 01:20:43

Health: -7/156     AC: 26    Str: 25    XL:     18   Next: 74%
Magic:  18/18      EV: 17    Int: 11    God:    Gozag
Gold:   508        SH: 12    Dex: 23    Spells: 17/17 levels left

rFire   + . .      SeeInvis +    F - +9 broad axe (vamp)
rCold   + . .      Faith    .    L - +2 kite shield {AC+3}
rNeg    . . .      Spirit   .    Z - +2 shadow dragon scales
rPois   .          Reflect  .    W - +2 helmet {SInv}
rElec   +          Rampage  .    P - +0 cloak {Will+}
rCorr   .                        a - +0 pair of gloves
Will    +++..                    (boots unavailable)
Stlth   +++                      Y - amulet of Vitality {RegenMP++ Regen++}
HPRegen 2.06/turn                Q - +6 ring of strength
MPRegen 0.96/turn                V - +6 ring of dexterity

@: no status effects
A: hooves 3, thin metallic scales 3, powered by death 2, spiny 1, demonic
willpower, cold resistance 1, fire resistance 1, mutation resistance 1
}: 2/15 runes: barnacled, gossamer
a: Renounce Religion, Potion Petition, Call Merchant, Bribe Branch


You were on level 1 of the Vaults.
You worshipped Gozag.
Gozag was pleased with you.
You visited 6 branches of the dungeon, and saw 31 of its levels.
You also visited: Sewer, Gauntlet and Volcano.

You collected 13514 gold pieces.
You spent 1101 gold pieces at shops.
You paid 11905 gold pieces to Gozag.

Inventory:

Hand Weapons
 F - a +9 vampiric broad axe (weapon)
Missiles
 X - 7 throwing nets (quivered)
Armour
 a - a +0 pair of gloves (worn)
 o - a +0 tower shield
 C - a +0 kite shield of poison resistance
 L - a +2 kite shield of protection (worn)
 P - a +0 cloak of willpower (worn)
 W - a +2 helmet of see invisible (worn)
 Z - +2 shadow dragon scales (worn)
Jewellery
 v - a +4 ring of protection
 N - a +4 ring of slaying
 Q - a +6 ring of strength (left hand)
 S - a ring of see invisible
 V - a +6 ring of dexterity (right hand)
 Y - the amulet of Vitality (around neck) {RegenMP++ Regen++}
   (You took it off a minotaur in a Gauntlet)

   [amulet of magic regeneration]

   It increases your rate of magic regeneration.
   Regen:     It increases your rate of health regeneration.
Wands
 x - a wand of paralysis (22)
 A - a wand of flame (61)
 D - a wand of digging (17)
 E - a wand of acid (21)
 T - a wand of mindburst (17)
 U - a wand of roots (12)
Scrolls
 e - 2 scrolls of butterflies
 g - 7 scrolls of fear
 j - 7 scrolls of magic mapping
 r - 5 scrolls of fog
 s - a scroll of torment
 t - 15 scrolls of teleportation
 u - a scroll of silence
 w - a scroll of vulnerability
 B - a scroll of blinking
 I - a scroll of immolation
 J - 3 scrolls of amnesia
 K - 4 scrolls of poison
 O - 2 scrolls of brand weapon
Potions
 b - a potion of lignification
 d - 2 potions of might
 f - 13 potions of mutation
 h - 7 potions of haste
 k - 4 potions of flight
 l - 3 potions of heal wounds
 m - 4 potions of invisibility
 n - 5 potions of resistance
 p - 7 potions of brilliance
 q - 12 potions of curing
 y - 5 potions of magic
 z - 5 potions of ambrosia
 G - a potion of cancellation
 H - 2 potions of berserk rage
 M - a potion of attraction
Miscellaneous
 c - a lightning rod (4/4)
 i - a phial of floods
 R - a box of beasts


   Skills:
 + Level 17.8 Fighting
 * Level 22.3 Axes
 - Level 2.6 Armour
 - Level 16.0 Dodging
 * Level 3.2 Shields


You had 17 spell levels left.
You didn't know any spells.
Your spell library contained the following spells:

 Spells                   Type           Power      Damage    Failure   Level
 Beastly Appendage        Tmut           0%         N/A       100%        1
 Foxfire                  Conj/Fire      0%         2x1d4     100%        1
 Magic Dart               Conj           0%         1d3       100%        1
 Call Imp                 Summ           0%         N/A       100%        2
 Cigotuvi's Dreadful Rot  Necr/Pois/Air  0%         N/A       100%        2
 Ensorcelled Hibernation  Hex/Ice        0%         N/A       100%        2
 Lesser Beckoning         Tloc           0%         N/A       100%        2
 Passwall                 Tmut/Erth      0%         N/A       100%        2
 Poisonous Vapours        Pois/Air       0%         N/A       100%        2
 Searing Ray              Conj           0%         2d4       100%        2
 Sublimation of Blood     Necr           0%         N/A       100%        2
 Wereblood                Tmut           0%         N/A       100%        2
 Gell's Gravitas          Tloc           0%         N/A       100%        3
 Inner Flame              Hex/Fire       0%         N/A       100%        3
 Mephitic Cloud           Conj/Pois/Air  0%         N/A       100%        3
 Ozocubu's Armour         Ice            0%         N/A       100%        3
 Spider Form              Tmut/Pois      0%         N/A       100%        3
 Swiftness                Air            0%         N/A       100%        3
 Teleport Other           Tloc           0%         N/A       100%        3
 Anguish                  Hex/Necr       0%         N/A       100%        4
 Cause Fear               Hex            0%         N/A       100%        4
 Flame Wave               Conj/Fire      0%         2d4       100%        4
 Fulminant Prism          Conj/Hex       0%         3d5       100%        4
 Petrify                  Tmut/Erth      0%         N/A       100%        4
 Sticky Flame             Conj/Fire      0%         2d3       100%        4
 Alistair's Intoxication  Tmut/Pois      0%         N/A       100%        5
 Borgnjor's Vile Clutch   Necr/Erth      0%         N/A       100%        5
 Fireball                 Conj/Fire      0%         3d3       100%        5
 Irradiate                Conj/Tmut      0%         3d11      100%        5
 Metabolic Englaciation   Hex/Ice        0%         N/A       100%        5
 Summon Forest            Summ/Tloc      0%         N/A       100%        5
 Eringya's Noxious Bog    Tmut/Pois      0%         N/A       100%        6
 Starburst                Conj/Fire      0%         6d3       100%        6
 Statue Form              Tmut/Erth      0%         N/A       100%        6
 Enfeeble                 Hex            0%         N/A       100%        7
 Summon Hydra             Summ           0%         N/A       100%        7
 Discord                  Hex            0%         N/A       100%        8
 Simulacrum               Ice/Necr       Unusable   N/A       N/A         6

Dungeon Overview and Level Annotations

Branches:
Dungeon (15/15)            Temple (0/1) D:4            Lair (5/5) D:11
 Shoals (4/4) Lair:2       Spider (4/4) Lair:2        Slime (0/5) Lair:4
    Orc (2/2) D:9             Elf (0/3) Orc:2        Vaults (1/5) D:13
 Depths (0/4) D:15          Sewer (visited)         Volcano (visited)
Gauntlet (visited)

Altars:
Ashenzari
Gozag
Hepliaklqana
Makhleb
Nemelex Xobeh
Okawaru
Qazlal
Ru
Sif Muna
Xom

Shops:
D:9 *(   Orc:1 *(:   Orc:2 *[?:

Portals:
Pandemonium: Orc:2

Annotations:
D:15 2 transporters, Itobb's ghost, adept FoFi
Vaults:1 Zenata


Innate Abilities, Weirdness & Mutations

You have hooves in place of feet.
You are completely covered in thin metallic scales. (AC +4, rElec)
You regenerate health from kills.
You are partially covered in sharp spines.
You punish those that try to bend your will. (Will+)
Your flesh is cold resistant. (rC+)
Your flesh is heat resistant. (rF+)
You are somewhat resistant to further mutation.


Message History

You barely miss Zenata. Your kick misses Zenata.
Zenata is moderately wounded.
You closely miss the +3 vampiric glaive.
You block the +3 vampiric glaive's attack.
Zenata gestures, and weapons take to the air!
The +3 vampiric glaive hits you but does no damage.
You regained 2 hp, and now have 81/156 hp.
You hit Zenata.
Zenata is heavily wounded.
You closely miss the +3 vampiric glaive.
You block the +3 vampiric glaive's attack.
Zenata is struck by your spines. Zenata completely misses you.
Unknown command.
You regained 2 hp, and now have 83/156 hp.
You closely miss Zenata.
Zenata is heavily wounded.
You closely miss the +3 vampiric glaive.
You block the +3 vampiric glaive's attack.
The +3 vampiric glaive hits you but does no damage.
Zenata gestures at you while chanting.
A blast of power from the earth and the +3 vampiric glaive strikes you!
* * * LOW HITPOINT WARNING * * *
You take 31 damage, and have 52/156 hp.
You slash Zenata!
You feel better.
You kick Zenata.
Zenata is heavily wounded.
You hit the +3 vampiric glaive but do no damage.
The +3 vampiric glaive hits you!!
* * * LOW HITPOINT WARNING * * *
The +3 vampiric glaive draws strength from your wounds!
Zenata hits you with a +4 eveningstar!!
* * * LOW HITPOINT WARNING * * *
You take 39 damage, and have 13/156 hp. !!!!--MASSIVE DAMAGE--!!!!
You barely miss Zenata.
Zenata is heavily wounded.
You slash the +3 vampiric glaive!
The +3 vampiric glaive hits you but does no damage.
You block the +3 vampiric glaive's attack.
Zenata hits you with a +4 eveningstar!!
You die...
Your body crumbles into a pile of gold.

######............'..#.≈≈≈≈.#..#.
)....'............#..#.≈≈≈≈.#..#.
.....#..########..#............#.
.....#..#......#..#....####....#.
.....#..#......#..#....?.......#.
.....#..#......#).#............#.
.....#..#......#..##############.
.....#..#.....(#..# ##
######..#.....(a@.#
#..#.....(#(.############
#..########..'...[......#
#?...........'..........#
#............'..##''##..#
#............#..#....#..####
#............#..#....#..#...
######............#..#....#..'...
.....#............#..#....#..#...


You could see Zenata (corroded) and 4 dancing weapons.

Vanquished Creatures
  Nikola (Spider:3)
  Arachne (Spider:2)
  Mlioglotl (Shoals:4)
  Jorgrun (Orc:2)
  The ghost of Ontaitol the Warrior, an adept MiFi of Trog (Spider:1)
  Frances (Spider:2)
  Kirke (Lair:3)
  Donald (Spider:2)
  The ghost of Iniera the Devastator, an adept KoCj of Cheibriados (Spider:1)
  The ghost of ryw the Destroyer, a journeyman DgCj (Shoals:2)
  Louise (Shoals:1)
  A fire giant (D:15)
  7 ghost moths
  An emperor scorpion (Spider:4)
  3 vault wardens (Vaults:1)
  An orc warlord (Orc:1)
  4 ironbound preservers (Vaults:1)
  A very ugly thing (Vaults:1)
  The ghost of Coron the Severer, a journeyman MeFi of Makhleb (Orc:2)
  3 broodmothers
  4 spark wasps
  A minotaur (Gauntlet)
  A dire elephant (Vaults:1)
  Snorg (D:14)
  3 merfolk javelineers
  9 merfolk impalers
  4 entropy weavers
  Josephine (Lair:5)
  2 fire dragons
  A yaktaur captain (Vaults:1)
  2 great orbs of eyes (Vaults:1)
  2 hydras
  2 demonspawn (Orc:2)
  A jorogumo (Spider:4)
  2 ironbound frosthearts (Vaults:1)
  2 merfolk avatars (Shoals:4)
  9 centaur warriors
  3 radroaches (Spider:2)
  3 catoblepae
  2 ghost crabs (Spider:2)
  5 two-headed ogres
  An alligator snapping turtle (Shoals:4)
  5 death yaks (Lair:5)
  7 merfolk aquamancers
  9 boulder beetles
  A deep troll shaman (Lair:5)
  2 tengu warriors (D:13)
  6 orc high priests (Orc:2)
  A soul eater (Orc:2)
  A fire crab (Gauntlet)
  3 skysharks
  7 pharaoh ants
  Lodul (D:13)
  9 deep trolls
  17 sea snakes
  9 orb spiders
  A sun moth (Spider:2)
  9 lindwurms
  5 steelbarb worms
  3 wizards
  4 ironbound convokers
  2 wolf spider zombies (D:12)
  6 orc knights
  17 harpies
  Pikel (D:8)
  2 fauns (Shoals:2)
  A necromancer (Vaults:1)
  5 orc sorcerers (Orc:2)
  17 wolf spiders
  11 ugly things
  8 cyclopes
  12 manticores
  4 centaur zombies (D:12)
  4 vault sentinels
  A moth of wrath (Spider:3)
  4 black mambas
  6 merfolk sirens
  7 elephants
  Maggie (D:9)
  8 demonic crawlers
  5 water nymphs
  3 torpor snails
  7 cane toads
  3 yaktaurs (Vaults:1)
  7 komodo dragons
  2 efreet
  A komodo dragon (shapeshifter) (D:14)
  An ice devil (Orc:2)
  13 rime drakes
  7 trolls
  A red devil (Orc:2)
  17 merfolk
  4 meliai
  A hornet (D:7)
  34 tarantellas
  A queen bee (Gauntlet)
  3 polar bears
  Grinder (D:5)
  6 wind drakes
  4 tyrant leeches (Spider:2)
  13 blink frogs (Lair:2)
  9 snapping turtles
  24 jumping spiders
  24 slime creatures
  5 dream sheep
  A centaur simulacrum (D:14)
  25 culicivoras
  4 shadows (D:12)
  6 wraiths
  6 vampires
  6 hogs (Lair:3)
  39 yaks
  3 wyverns
  12 water elementals
  A wyvern (shapeshifter) (D:14)
  3 basilisks
  A neqoxec (Gauntlet)
  2 chaos spawn (Gauntlet)
  3 fire bats (Gauntlet)
  Grum (D:9)
  61 redbacks
  12 steam dragons
  21 vampire mosquitoes
  2 wargs
  12 water moccasins
  An acid dragon (D:12)
  6 hell hounds
  Pargi (Sewer)
  32 orc warriors
  2 ice beasts (D:8)
  A black bear (D:8)
  4 sky beasts
  12 ogres
  21 wolves
  9 centaurs
  4 boggarts (Vaults:1)
  A phantom (D:4)
  A kobold brigand (D:11)
  A gnoll sergeant (D:9)
  14 bullfrogs
  2 scorpions (D:6)
  A hornet simulacrum (D:8)
  4 wights (D:7)
  9 killer bees
  9 howler monkeys
  10 electric eels
  14 hounds
  32 orc priests
  2 gnoll boudas
  3 iron imps (D:3)
  3 jellies
  8 iguanas
  27 orc wizards
  4 hell rats (Lair:1)
  A killer bee simulacrum (D:8)
  5 adders
  8 gnolls
  A river rat (D:3)
  2 shadow imps
  5 white imps
  4 ufetubi
  6 worms
  A dart slug (D:4)
  91 orcs
  8 endoplasms
  6 giant cockroaches
  7 goblins
  8 hobgoblins
  5 jackals
  15 kobolds
  3 quokkas
  7 ball pythons
  3 bats
  6 frilled lizards
  7 rats
1165 creatures vanquished.

Vanquished Creatures (others)
  A sea snake (Shoals:4)
  A steelbarb worm (Spider:3)
  A demonic crawler (Spider:2)
  2 tyrant leeches (Spider:2)
  2 meliai (Spider:3)
  3 tarantellas
  A culicivora (Spider:3)
  3 redbacks (Spider:3)
  An orc wizard (D:9)
  An ufetubus (D:8)
  3 demonic plants (Gauntlet)
  8 fungi
  30 plants
  A withered plant (D:12)
58 creatures vanquished.

Grand Total: 1223 creatures vanquished

Notes
Turn   | Place    | Note
-------+----------+-------------------------------------------
     0 | D:1      | Iich the Demonspawn Fighter began the quest for the Orb.
     0 | D:1      | Reached XP level 1. HP: 18/18 MP: 1/1
    29 | D:1      | Reached skill level 2 in Axes
    80 | D:1      | Gained mutation: You regenerate a little health from kills.
                  | [demonic ancestry]
    80 | D:1      | Reached XP level 2. HP: 22/24 MP: 2/2
   462 | D:1      | Reached XP level 3. HP: 29/29 MP: 3/3
   672 | D:2      | Reached skill level 3 in Axes
  1139 | D:2      | Found an opulent altar of Gozag.
  1205 | D:2      | Became a worshipper of Gozag Ym Sagoz the Greedy
  1557 | D:3      | Found a faded altar of an unknown god.
  1628 | D:3      | Found a burning altar of Makhleb.
  1645 | D:3      | Reached XP level 4. HP: 23/37 MP: 4/4
  1660 | D:3      | Reached skill level 1 in Dodging
  1660 | D:3      | Gained mutation: You have large cloven feet. [demonic
                  | ancestry]
  1660 | D:3      | Reached XP level 5. HP: 11/42 MP: 5/5
  1839 | D:3      | Reached skill level 4 in Axes
  2139 | D:3      | Found a shimmering blue altar of Sif Muna.
  2175 | D:3      | Found a glowing drain.
  2190 | Sewer    | Entered a sewer
  2202 | Sewer    | Noticed Pargi
  2233 | Sewer    | HP: 1/42 [Pargi (2)]
  2499 | Sewer    | Killed Pargi
  2500 | Sewer    | Gained mutation: You have hoof-like feet. [demonic
                  | ancestry]
  2500 | Sewer    | Reached XP level 6. HP: 15/49 MP: 6/6
  3003 | D:4      | Found a staircase to the Ecumenical Temple.
  3144 | D:4      | Found a sparkling altar of Nemelex Xobeh.
  3155 | D:4      | Reached skill level 5 in Axes
  3480 | D:5      | Entered Level 5 of the Dungeon
  3584 | D:5      | Reached XP level 7. HP: 55/55 MP: 7/7
  3684 | D:5      | Noticed Grinder
  3723 | D:5      | Paralysed by Grinder for 2 turns
  3732 | D:5      | Paralysed by Grinder for 2 turns
  3743 | D:5      | Killed Grinder
  3744 | D:5      | Reached skill level 5 in Fighting
  3817 | D:5      | Reached skill level 6 in Axes
  4100 | D:5      | Found a sacrificial altar of Ru.
  4551 | D:6      | Gained mutation: You have hooves in place of feet. [demonic
                  | ancestry]
  4551 | D:6      | Reached XP level 8. HP: 49/63 MP: 8/8
  4958 | D:6      | Reached skill level 7 in Axes
  5142 | D:6      | Found a stormy altar of Qazlal.
  5482 | D:6      | Found a broken altar of Ashenzari.
  6171 | D:7      | Gained mutation: You are partially covered in thin metallic
                  | scales. (AC +2) [demonic ancestry]
  6171 | D:7      | Reached XP level 9. HP: 71/71 MP: 9/9
  6199 | D:7      | Reached skill level 8 in Axes
  6209 | D:7      | Reached skill level 5 in Dodging
  6544 | D:7      | Found an opulent altar of Gozag.
  6585 | D:7      | Paralysed by a hornet for 2 turns
  6586 | D:7      | HP: 5/106 [hornet (7)]
  7134 | D:8      | Noticed Pikel
  7144 | D:8      | Killed Pikel
  7175 | D:8      | Reached skill level 9 in Axes
  7724 | D:8      | Reached XP level 10. HP: 62/80 MP: 10/10
  8334 | D:8      | Reached skill level 10 in Axes
  8799 | D:8      | Found an iron altar of Okawaru.
  9175 | D:8      | Found a hazy altar of Hepliaklqana.
  9280 | D:8      | Identified the +4 sling "Wofilas" {flame, rF+ Will+ Int-5}
  9498 | D:9      | Noticed Maggie
  9518 | D:9      | Killed Maggie
  9749 | D:9      | Found a staircase to the Orcish Mines.
  9895 | D:9      | Found Mawun's Changing Room.
  9918 | D:9      | Reached skill level 11 in Axes
  9940 | D:9      | Bought a potion of mutation for 112 gold pieces
 10000 | D:9      | Noticed Grum
 10007 | D:9      | Killed Grum
 10136 | D:9      | Found Uxoesa Ifuo's Weapon Shop.
 10140 | D:9      | Bought a +0 broad axe for 68 gold pieces
 10368 | D:10     | Entered Level 10 of the Dungeon
 10474 | D:10     | Gained mutation: You are partially covered in sharp spines.
                  | [demonic ancestry]
 10474 | D:10     | Reached XP level 11. HP: 83/89 MP: 11/11
 10781 | D:10     | Identified the +0 scale mail of Peek-a-Boo {Will++ SInv}
 11401 | D:11     | Found a staircase to the Lair.
 11434 | D:11     | Reached skill level 12 in Axes
 11586 | D:11     | Noticed a two-headed ogre
 11595 | D:11     | Killed a two-headed ogre
 11749 | D:11     | Reached skill level 10 in Fighting
 11913 | Lair:1   | Entered Level 1 of the Lair of Beasts
 12067 | Lair:1   | Identified the +0 cloak of the Enchanted Forest {+Blink}
 12410 | Lair:1   | Reached XP level 12. HP: 83/98 MP: 12/12
 12413 | Lair:1   | Reached skill level 13 in Axes
 13179 | Lair:2   | Found a hole to the Spider Nest.
 13236 | Lair:2   | Found a dark tunnel.
 13247 | Volcano  | Entered a volcano
 13361 | Volcano  | Noticed a fire dragon
 13375 | Volcano  | Killed a fire dragon
 13665 | Lair:2   | Reached skill level 14 in Axes
 13768 | Lair:2   | Noticed a catoblepas
 14193 | Lair:2   | Killed a catoblepas
 14250 | Lair:2   | Reached skill level 10 in Dodging
 14322 | Lair:2   | Found a staircase to the Shoals.
 14555 | Lair:2   | Gained mutation: You are mostly covered in thin metallic
                  | scales. (AC +3) [demonic ancestry]
 14555 | Lair:2   | Reached XP level 13. HP: 67/107 MP: 13/13
 14952 | Lair:3   | You fall into a shaft and drop 1 floor!
 14966 | Lair:4   | Found a staircase to the Slime Pits.
 15495 | Lair:3   | Noticed Kirke
 15522 | Lair:3   | HP: 1/107 [hog[Kirke] (7)]
 15524 | Lair:3   | Noticed a sphinx
 15986 | Lair:3   | Killed Kirke
 16107 | Lair:3   | Reached skill level 15 in Axes
 16507 | Lair:4   | Found a transporter.
 16522 | Lair:4   | Found a shimmering altar of Xom.
 16795 | Lair:4   | Found a transporter.
 16986 | Lair:5   | Entered Level 5 of the Lair of Beasts
 17565 | Lair:5   | Noticed Josephine
 17595 | Lair:5   | Killed Josephine
 17892 | Lair:5   | Noticed a fire dragon
 17911 | Lair:5   | Killed a fire dragon
 18097 | Lair:5   | Identified the +8 dagger of the Nurturing Gods {flame,
                  | Contam rPois Dex+6}
 18166 | Lair:5   | Reached skill level 16 in Axes
 18584 | Lair:5   | Gained mutation: You are completely covered in thin
                  | metallic scales. (AC +4, rElec) [demonic ancestry]
 18584 | Lair:5   | Reached XP level 14. HP: 78/116 MP: 14/14
 19905 | D:13     | Reached skill level 17 in Axes
 20022 | D:13     | Noticed Lodul
 20035 | D:13     | Killed Lodul
 20343 | D:13     | Found a gate to the Vaults.
 20702 | D:14     | Noticed Snorg
 20713 | D:14     | Killed Snorg
 21445 | D:15     | Entered Level 15 of the Dungeon
 21465 | D:15     | Found a staircase to the Depths.
 21465 | D:15     | Noticed a fire giant
 21856 | D:15     | Killed a fire giant
 22249 | D:15     | Reached XP level 15. HP: 103/126 MP: 15/15
 22480 | D:15     | Found a transporter.
 22481 | D:15     | Noticed Itobb's ghost (adept FoFi)
 22482 | D:15     | Found a transporter.
 23174 | Orc:1    | Entered Level 1 of the Orcish Mines
 23389 | Orc:1    | Found Cycukoim's Book Boutique.
 23656 | Orc:2    | Entered Level 2 of the Orcish Mines
 23783 | Orc:2    | Found a gate leading to a gauntlet.
 23788 | Orc:2    | Noticed Jorgrun
 23801 | Orc:2    | Killed Jorgrun
 23824 | Gauntlet | Entered a Gauntlet
 23824 | Gauntlet | Found a transporter.
 23824 | Gauntlet | Found a transporter.
 23862 | Gauntlet | Found a transporter.
 23866 | Gauntlet | Found a transporter.
 23874 | Gauntlet | Found a transporter.
 23878 | Gauntlet | Found a transporter.
 23894 | Gauntlet | Found a transporter.
 23903 | Gauntlet | Found a transporter.
 23918 | Gauntlet | Found a transporter.
 23922 | Gauntlet | Found a transporter.
 23930 | Gauntlet | Found a transporter.
 23934 | Gauntlet | Found a transporter.
 23981 | Gauntlet | Gained mutation: You have hidden genetic defects. [a
                  | neqoxec]
 23982 | Gauntlet | Gained mutation: You have terrible hidden genetic defects.
                  | [a neqoxec]
 24033 | Gauntlet | Lost mutation: You have terrible hidden genetic defects.
                  | [potion of mutation]
 24033 | Gauntlet | Lost mutation: You have hidden genetic defects. [potion of
                  | mutation]
 24033 | Gauntlet | Gained mutation: Your flesh is cold resistant. (rC+)
                  | [potion of mutation]
 24033 | Gauntlet | Gained mutation: Your flesh is heat resistant. (rF+)
                  | [potion of mutation]
 24033 | Gauntlet | Gained mutation: You are somewhat resistant to further
                  | mutation. [potion of mutation]
 24077 | Gauntlet | Reached skill level 18 in Axes
 24416 | Orc:2    | Found Yduciq's General Store.
 24417 | Orc:2    | Found Xuguac's Magic Scroll Boutique.
 24503 | Orc:2    | Bought a lightning rod (4/4) for 420 gold pieces
 24503 | Orc:2    | Bought 2 potions of mutation for 224 gold pieces
 24662 | Orc:2    | Found Sawunu's Antique Armour Shoppe.
 24662 | Orc:2    | Found Corau's Book Emporium.
 24663 | Orc:2    | Found a one-way gate leading to the halls of Pandemonium.
 24665 | Orc:2    | Bought a runed cloak for 277 gold pieces
 24836 | Orc:2    | Found a runed translucent door.
 24838 | Orc:2    | Noticed Coron's ghost (journeyman MeFi)
 24945 | Orc:2    | Found a staircase to the Elven Halls.
 25133 | Orc:2    | Identified the +5 scale mail of Nutusee {Will+ Str+4}
 25157 | Orc:2    | Killed Coron's ghost
 25702 | Spider:1 | Entered Level 1 of the Spider Nest
 25895 | Spider:1 | Reached skill level 15 in Fighting
 26145 | Spider:1 | Found a runed translucent gate.
 26146 | Spider:1 | Found a runed translucent gate.
 26149 | Spider:1 | Found a runed translucent gate.
 26396 | Spider:1 | Gained mutation: You regenerate health from kills. [demonic
                  | ancestry]
 26396 | Spider:1 | Reached XP level 16. HP: 136/136 MP: 16/16
 26584 | Spider:1 | Identified the +0 falchion of Iich's Untimely Demise
                  | {heavy, rCorr Int+4}
 26732 | Spider:1 | Reached skill level 19 in Axes
 26941 | Spider:1 | Noticed Ontaitol's ghost (adept MiFi)
 26941 | Spider:1 | Noticed Iniera's ghost (adept KoCj)
 26984 | Spider:1 | Killed Ontaitol's ghost
 26991 | Spider:1 | Killed Iniera's ghost
 27330 | Spider:2 | Noticed Arachne
 27351 | Spider:2 | Killed Arachne
 27526 | Spider:2 | Noticed Frances
 27538 | Spider:2 | Killed Frances
 27615 | Spider:2 | Noticed Donald
 27632 | Spider:2 | Killed Donald
 27682 | Spider:2 | HP: 6/135 [radroach (48)]
 28598 | Spider:3 | Noticed Nikola
 28612 | Spider:3 | Killed Nikola
 28613 | Spider:3 | Reached skill level 20 in Axes
 29041 | Shoals:1 | Entered Level 1 of the Shoals
 29787 | Shoals:1 | Noticed Louise
 29824 | Shoals:1 | Killed Louise
 29932 | Shoals:1 | Reached XP level 17. HP: 144/144 MP: 17/17
 30308 | Shoals:2 | Found a runed translucent door.
 30309 | Shoals:2 | Noticed ryw's ghost (journeyman DgCj)
 30338 | Shoals:2 | Killed ryw's ghost
 30929 | Shoals:3 | HP: 9/217 [water nymph/the raging water (19)]
 31508 | Spider:4 | Entered Level 4 of the Spider Nest
 31908 | Spider:4 | Reached skill level 15 in Dodging
 32518 | Spider:4 | Reached skill level 21 in Axes
 33222 | Spider:4 | Got a gossamer rune of Zot
 33543 | Shoals:4 | Entered Level 4 of the Shoals
 33900 | Shoals:4 | Gained mutation: You punish those that try to bend your
                  | will. (Will+) [demonic ancestry]
 33900 | Shoals:4 | Reached XP level 18. HP: 106/154 MP: 18/18
 34001 | Shoals:4 | Noticed Mlioglotl
 34016 | Shoals:4 | Killed Mlioglotl
 34109 | Shoals:4 | Got a barnacled rune of Zot
 34621 | Vaults:1 | Entered Level 1 of the Vaults
 34673 | Vaults:1 | HP: 5/155 [vault warden/+3 heavy great mace (78)]
 35099 | Vaults:1 | Reached skill level 22 in Axes
 35662 | Vaults:1 | Noticed Zenata
 35993 | Vaults:1 | Mangled by Zenata

Illustrated notes

Levels and vault maps discovered:
D:1:      spicycebolla_arrival_clurvy, layout_rooms,
          nicolae_concentric_dashed_squares_wild, minmay_tiny_reverse_x
D:2:      layout_basic, basic_altar, wander_ebering_terrifying_dragon_lair
D:3:      minmay_evil_eye, layout_basic, led_sif_pool, demons_altar,
          nicolae_ecumenical_pavilion, cheibrodos_sewer_entry_sluice
D:4:      layout_gridville, mainiacjoe_overflow_tiny_flanked,
          minmay_temple_entry_ruins
D:5:      layout_gridville, mainiacjoe_overflow_24_doors, uniq_grinder
D:6:      layout_rooms, ashenzari_conservatory_becter,
          nicolae_qazlal_general_emergency, kennysheep_generic_room_10
D:7:      layout_loops_ring, pdpol_temple_overflow_zin_treasury_gozag_greed,
          minmay_misc_feat_iff
D:8:      layout_basic, kennysheep_mini,
          chequers_temple_overflow_statue_of_worship, serial_ice, serial_ice_f,
          serial_ice_i, serial_ice_m, serial_ice_b, uniq_pikel
D:9:      layout_cave_pools, erik_orc_3, serial_gnoll_camp, grums_kennel,
          gnoll_camp_mini_shop, gnoll_camp_mini_hut, gnoll_camp_mini_basic,
          nicolae_transmutations_shop, uniq_maggie
D:10:     layout_irregular_city
D:11:     layout_roguey, erik_lair_island
D:12:     layout_rooms, serial_undead, serial_undead_c, serial_undead_b,
          serial_undead_a, serial_undead_b, serial_undead_d, serial_undead_f,
          hex_medium
D:13:     layout_layer_cave, david_vaults_4, uniq_lodul
D:14:     layout_roguey, dk_noncrumbling_4, wad_mini_maze, uniq_snorg
D:15:     grunt_enter_depths_giant_problem, layout_basic, gammafunk_ghost_arena
Lair:1:   layout_cellular_growth
Lair:2:   layout_regular_city, nicolae_shoals_entry_roost,
          nicolae_spider_entry_tight_spaces, lightli_volcano_entry_magma_tube
Lair:3:   layout_gridlike, grunt_megastairs_2, uniq_kirke
Lair:4:   gammafunk_boulding_lane, layout_hall_layers,
          minmay_slime_entry_pillars, lemuel_centaur_altar
Lair:5:   grunt_lair_end_beastmaster, layout_regular_city, minmay_hedge_maze,
          minivault_26, bobbens_dragon_lair_wall, uniq_josephine
Shoals:1: layout_shoals, nicolae_shoals_water_elemental_grotto, uniq_louise
Shoals:2: layout_shoals, ebering_ghost_reflecting_pool
Shoals:3: layout_shoals, nicolae_splish_splash
Shoals:4: shoals_end_simple, layout_shoals, uniq_mlioglotl
Spider:1: layout_chambers, gammafunk_ghost_cemetery
Spider:2: layout_spider_delve, nicolae_spider_swamp_cousins, uniq_arachne,
          uniq_donald, uniq_frances
Spider:3: layout_spider_delve, uniq_nikola
Spider:4: grunt_spider_rune_parallel
Orc:1:    layout_caves, serial_shops, nicolae_shop_competitors_out_of_business,
          mines2_lemuel
Orc:2:    pf_orc_diabolical, layout_caves, ebering_ghost_inner_flame,
          gauntlet_entry_generic, nicolae_orc_rich_vein, uniq_jorgrun
Vaults:1: nicolae_vaults_little_squares_1, vaults_room_ringed_pool,
          vaults_room_door_hall, ontoclasm_vaults_gateway, v_pattern_4,
          nicolae_vaults_border_crossing, hangedman_vaults_river_flow,
          v_misc_13, st_diamondy, ontoclasm_vaults_ring_square,
          hangedman_vaults_locks, grunt_vaults_swirl, layout_vaults_omnibox,
          uniq_zenata

Skill      XL: |  1  2  3  4  5  6  7  8  9 10 11 12 13 14 15 16 17 18 |
---------------+-------------------------------------------------------+-----
Axes           | 2 3 4 5 6 7 9 11 12 14 16 17 18 20 21 22 | 22.3
Fighting       | 4 5 6 7 9 10 11 12 14 15 16 17 | 17.8
Dodging        | 1 2 3 4 6 7 8 10 11 12 13 14 15 16 | 16.0
Shields        | 3 |  3.2
Armour         | |  2.6

Action                     |  1- 3 |  4- 6 |  7- 9 | 10-12 | 13-15 | 16-18 || total
---------------------------+-------+-------+-------+-------+-------+-------++-------
  Melee: War axe           |   104 |   194 |   308 |   280 |       |       ||   886
         Kick              |       |    36 |    96 |   233 |   493 |   520 ||  1378
         Broad axe         |       |       |       |   379 |  1168 |  1302 ||  2849
         Unarmed           |       |       |       |       |    10 |       ||    10
 Invoke: Potion Petition   |       |       |     2 |     6 |     4 |    14 ||    26
         Call Merchant     |       |       |       |       |     2 |       ||     2
  Evoke: Wand              |       |       |     1 |       |    14 |    10 ||    25
         Lightning rod     |       |       |       |       |       |     5 ||     5
         Phial of floods   |       |       |       |       |       |     1 ||     1
    Use: Scroll            |     4 |     6 |     4 |    14 |    13 |    11 ||    52
         Potion            |       |     7 |     1 |     1 |     5 |     1 ||    15
   Stab: Distracted        |       |     1 |     2 |     2 |    12 |    11 ||    28
         Petrified         |       |       |       |     1 |     1 |       ||     2
         Petrifying        |       |       |       |       |     1 |       ||     1
         Sleeping          |       |       |       |       |       |    12 ||    12
         Invisible         |       |       |       |       |       |     6 ||     6
 Armour: Scale mail        |    48 |       |       |       |       |       ||    48
         Chain mail        |     2 |   177 |   212 |   347 |   380 |       ||  1118
         Skin              |       |    42 |     8 |       |    15 |       ||    65
         Shadow dragon sca |       |       |       |       |   127 |   667 ||   794
  Dodge: Dodged            |    55 |   101 |   126 |   278 |   603 |   882 ||  2045
  Block: Buckler           |    16 |    73 |    75 |    53 |       |       ||   217
         Kite shield       |       |       |       |   229 |   594 |   399 ||  1222
         Tower shield      |       |       |       |       |       |   635 ||   635

Table legend: (Time is in decaauts)
 A = Elapsed time spent in this place.
 B = Non-inter-level travel time spent in this place.
 C = Inter-level travel time spent in this place.
 D = Time resting spent in this place.
 E = Time spent auto-exploring this place.
 F = Levels seen in this place.
 G = Mean time per level.
                   A        B        C        D        E       F      G
               +--------+--------+--------+--------+--------+-----+--------+
         Total |  36465 |  34419 |   2046 |   4016 |  21738 |  34 | 1072.5 |
       Dungeon |  16313 |  15418 |    895 |   1658 |  10749 |  15 | 1087.5 |
          Lair |   7312 |   6807 |    505 |   1033 |   4321 |   5 | 1462.4 |
        Shoals |   3328 |   3046 |    282 |      8 |   1901 |   4 |  832.0 |
   Spider Nest |   5179 |   4884 |    295 |   1165 |   2336 |   4 | 1294.8 |
  Orcish Mines |   1872 |   1806 |     66 |      0 |   1038 |   2 |  936.0 |
        Vaults |   1085 |   1085 |      0 |     41 |    613 |   1 | 1085.0 |
         Sewer |    527 |    527 |      0 |    109 |    250 |   1 |  527.0 |
       Volcano |    382 |    382 |      0 |      0 |    290 |   1 |  382.0 |
      Gauntlet |    464 |    464 |      0 |      0 |    237 |   1 |  464.0 |
               +--------+--------+--------+--------+--------+-----+--------+

Top non-repeatable levels by time:
     D:8: 2097 daAuts
  Lair:2: 2021 daAuts
  Lair:5: 1883 daAuts
Spider:4: 1573 daAuts
     D:7: 1568 daAuts
Spider:1: 1516 daAuts
     D:5: 1448 daAuts
  Lair:3: 1397 daAuts
    D:14: 1341 daAuts
    D:15: 1268 daAuts
  Lair:1: 1238 daAuts
   Orc:2: 1228 daAuts
Spider:2: 1164 daAuts
    D:13: 1092 daAuts
Vaults:1: 1085 daAuts
